Map: Jagannatha LE

Players

Zest - Winner!

  • Race: Protoss Protoss
  • Spawn Location: 7:00

HeRoMaRinE

  • Race: Terran Terran
  • Spawn Location: 1:00

Event: IEM Katowice 2021

VOD

Have the link to the VOD?

Description

Time

  • Played on: Feb. 24, 2021, 1:17 p.m.
  • Length: 9:24

All games in this series

Show
View Real Time Build Order
Export as new Build Order

Zest Protoss - Winner!

Build Orders: 1 Gate Expand, Oracle Opening 

Get SALT Encoding   

  12  0:00  Probe  
  13  0:12  Probe  
  14  0:17  Pylon  
  14  0:24  Probe (Chrono Boost)  
  15  0:36  Probe (Chrono Boost)  
  15  0:37  Gateway  
  16  0:44  Probe (Chrono Boost)  
  16  0:46  Assimilator  
  17  0:51  Probe  
  18  1:03  Probe  
  19  1:15  Probe  
  20  1:24  Cybernetics Core  
  20  1:35  Nexus  
  20  1:38  Probe  
  21  1:46  Pylon  
  21  1:50  Probe  
  22  1:55  Assimilator  
  22  2:01  Adept (Chrono Boost)  
  22  2:02  Probe  
  25  2:14  Probe (Chrono Boost)  
  26  2:16  Stargate  
  26  2:26  Adept, Probe (Chrono Boost)  
  29  2:30  Warp Gate  
  29  2:31  Probe (Chrono Boost)  
  30  2:42  Probe  
  31  2:48  Probe  
  32  2:54  Probe  
  32  2:58  Oracle (Chrono Boost)  
  33  3:00  Probe  
  33  3:04  Pylon  
  37  3:06  Probe  
  37  3:12  Probe  
  39  3:17  Gateway  
  39  3:18  Probe  
  40  3:24  Probe  
  41  3:30  Probe  
  44  3:36  Pylon, Assimilator, Probe  
  45  3:42  Probe  
  45  3:47  Oracle (Chrono Boost)  
  45  3:48  Probe  
  47  3:55  Probe  
  49  4:02  Nexus  
  49  4:05  Probe  
  49  4:06  Pylon  
  49  4:07  Probe  
  49  4:09  Gateway  
  51  4:13  Assimilator  
  51  4:14  Oracle (Chrono Boost)  
  54  4:20  Sentry  
  54  4:21  Zealot  
  54  4:22  Probe  
  59  4:25  Probe (Chrono Boost)  
  59  4:31  Shield Battery  
  60  4:35  Shield Battery  
  60  4:37  Probe (Chrono Boost)  
  62  4:40  Probe (Chrono Boost)  
  62  4:45  Sentry x2  
  64  4:47  Probe (Chrono Boost)  
  64  4:48  Probe (Chrono Boost)  
  68  4:54  Twilight Council  
  68  4:55  Forge  
  68  4:56  Pylon  
  68  4:57  Probe  
  68  4:59  Probe  
  70  5:03  Protoss Ground Weapons Level 1 (Chrono Boost)  
  70  5:14  Pylon, Probe x2  
  72  5:20  Stalker x3  
  78  5:23  Pylon  
  78  5:24  Probe  
  78  5:25  Blink (Chrono Boost)  
  78  5:26  Probe x2  
  81  5:36  Probe  
  81  5:38  Probe x2  
  84  5:44  Photon Cannon  
  84  5:55  Stalker x3  
  91  5:57  Probe x3  
  91  6:01  Robotics Facility  
  93  6:04  Pylon  
  93  6:07  Assimilator  
  93  6:11  Assimilator  
  93  6:15  Probe x3  
  96  6:19  Stalker x3  
  98  6:43  Stalker x3  
  98  6:45  Probe x3  
  107  6:47  Pylon  
  107  6:49  Immortal (Chrono Boost)  
  107  6:52  Gateway x2  
  111  6:54  Gateway  
  111  6:55  Gateway  
  111  6:56  Templar Archives  
  111  7:03  Gateway  
  111  7:06  Charge  
  111  7:08  Protoss Ground Armor Level 1 (Chrono Boost)  
  111  7:09  Gateway  
  111  7:10  Gateway  
  111  7:11  Pylon  
  111  7:18  Photon Cannon  
  111  7:21  Pylon  
  111  7:24  Psionic Storm  
  111  7:28  Observer (Chrono Boost)  
  112  7:35  Zealot x3  
  118  7:42  Pylon  
  118  7:44  Pylon  
  118  7:46  Pylon  
  118  7:56  High Templar x3  
  118  7:58  Zealot x5  
  132  8:02  Warp Prism (Chrono Boost)  
  132  8:03  Pylon  
  132  8:04  Pylon  
  136  8:13  High Templar  
  138  8:20  Zealot, High Templar x2  
  138  8:21  Zealot x3  
  138  8:26  Archon, Nexus  
  150  8:28  Pylon  
  150  8:31  Pylon  
  150  8:36  Stalker x3  
  156  8:44  Zealot x4  
  139  9:02  Zealot x5  
  123  9:06  Zealot x9  
Show
View Real Time Build Order
Export as new Build Order

HeRoMaRinE Terran 

Build Orders: Reaper Expand 

Get SALT Encoding   

  12  0:00  SCV  
  13  0:12  SCV  
  14  0:17  Supply Depot  
  14  0:24  SCV  
  15  0:38  SCV  
  15  0:39  Barracks  
  16  0:44  Refinery  
  16  0:50  SCV  
  17  1:03  SCV  
  18  1:15  SCV  
  19  1:27  Reaper, Orbital Command  
  20  1:45  Command Center  
  20  1:53  Supply Depot  
  20  1:54  SCV  
  20  1:59  Barracks Reactor  
  21  2:07  SCV  
  22  2:10  Barracks  
  22  2:19  SCV  
  23  2:23  Bunker  
  23  2:27  Barracks  
  23  2:31  SCV  
  23  2:36  Marine x2  
  26  2:43  SCV  
  27  2:54  Marine x2  
  27  2:55  SCV  
  27  2:58  Orbital Command, Barracks Tech Lab  
  30  3:07  SCV  
  30  3:12  Marine x2  
  33  3:15  Barracks Tech Lab  
  33  3:17  Stimpack, Marine  
  33  3:19  SCV  
  35  3:22  Refinery  
  35  3:24  SCV  
  36  3:29  Marine  
  36  3:30  Marine  
  36  3:33  Supply Depot  
  38  3:35  Marine  
  38  3:36  SCV  
  38  3:37  SCV  
  38  3:39  Marine  
  38  3:41  Combat Shield  
  42  3:47  Marine x2  
  42  3:48  SCV  
  45  3:49  SCV  
  45  3:57  Marine x2  
  45  4:00  SCV  
  45  4:01  SCV, Engineering Bay  
  48  4:07  Factory  
  48  4:10  Supply Depot  
  48  4:12  SCV  
  48  4:13  SCV  
  48  4:16  Marine x2  
  52  4:18  Marine  
  52  4:19  Marine  
  54  4:28  Missile Turret  
  54  4:30  Terran Infantry Weapons Level 1  
  54  4:32  SCV x2  
  54  4:36  Supply Depot, Marine x2  
  58  4:39  Marine  
  58  4:43  Marine  
  58  4:44  SCV x2  
  62  4:47  Refinery  
  62  4:50  Missile Turret  
  62  4:53  Starport  
  62  4:54  Factory Reactor  
  62  4:57  SCV x2  
  64  5:00  Supply Depot  
  64  5:03  Marauder  
  68  5:07  Marauder  
  68  5:09  SCV x2  
  70  5:16  Supply Depot  
  70  5:22  SCV x2, Marine x2  
  70  5:25  Refinery  
  70  5:26  Marauder  
  78  5:28  Marauder  
  78  5:38  SCV x2, Factory Reactor  
  78  5:39  Medivac x2, Supply Depot  
  84  5:46  Concussive Shells  
  84  5:47  Marine x2, Supply Depot x2  
  86  5:57  Supply Depot  
  86  6:01  Marauder x2  
  89  6:05  Marine x2  
  89  6:09  Medivac x2  
  95  6:16  Command Center  
  95  6:18  Widow Mine x2  
  99  6:21  Supply Depot  
  99  6:25  Marauder  
  101  6:27  Marauder  
  91  6:41  Medivac x2  
  91  6:42  Marine  
  94  6:49  Factory Tech Lab  
  94  6:51  Barracks x2  
  94  6:52  Terran Infantry Armor Level 1  
  94  6:53  Marine x2  
  97  7:00  Marine  
  97  7:05  Marine x2, Siege Tank  
  102  7:10  SCV x2, Marine  
  102  7:11  Marauder  
  102  7:13  Supply Depot  
  107  7:18  Marine  
  107  7:22  SCV x2  
  109  7:27  Marine  
  109  7:28  Marine x2  
  113  7:33  Marauder  
  113  7:34  SCV  
  113  7:35  SCV, Marine  
  118  7:37  Siege Tank  
  118  7:40  Barracks Tech Lab x2  
  120  7:45  Liberator  
  120  7:46  SCV, Liberator  
  120  7:47  SCV  
  128  7:51  Orbital Command  
  128  7:57  Missile Turret  
  126  7:59  Marauder  
  126  8:00  Marauder  
  126  8:02  Marauder  
  126  8:03  Marine  
  126  8:04  Marine  
  134  8:12  Siege Tank  
  137  8:13  Supply Depot  
  137  8:17  Marine x2  
  139  8:20  Marauder  
  139  8:21  Marine  
  139  8:24  Marauder  
  139  8:25  Supply Depot, Marine x2  
  146  8:27  SCV x3  
  149  8:35  Liberator  
  149  8:39  Liberator  
  157  8:41  Marauder  
  157  8:45  Supply Depot  
  157  8:46  Marine x2  
  157  8:47  Supply Depot  
  144  8:58  Marauder, Marine x2  
  144  9:01  SCV x3  
  144  9:02  Marauder  
  129  9:04  Marine x2  

Tags
 
Add a new tag
Caveats
  • Supply blocks, unpowered buildings, or Contaminate may cause inaccurate times.
  • Supply counts are checked every 10 seconds.